 Dungeon Crawl Stone Soup version 0.28-a0-95-g65e1ffefe4 (webtiles) character file.

Game seed: 14634888364062995760

91 pokeman the Magician (level 4, -2/25 HPs)
             Began as a Deep Elf Hedge Wizard on Aug 8, 2021.
             Slain by an orc wizard (5 damage)
             ... on level 6 of the Dungeon.
             The game lasted 00:07:06 (3558 turns).

pokeman the Magician (Deep Elf Hedge Wizard)        Turns: 3558, Time: 00:07:06

Health: -2/25      AC:  4    Str:  7    XL:     4   Next: 34%
Magic:  5/14       EV: 16    Int: 20    God:
Gold:   79         SH:  0    Dex: 14    Spells: 3/14 levels left

rFire   . . .      SeeInvis .   g - +0 mace
rCold   . . .      Faith    .   (no shield)
rNeg    . . .      Spirit   .   b - +0 robe
rPois   .          Reflect  .   c - +0 hat
rElec   .          Harm     .   (no cloak)
rCorr   +          Rampage  .   (no gloves)
Will    .....                   (no boots)
Stlth   ++........              (no amulet)
HPRegen 0.08/turn               a - ring of resist corrosion
MPRegen 0.14/turn               k - +4 ring of evasion

@: very slightly contaminated, invisible
A: iridescent scales 1, high mp 1, mutation resistance 1, subdued magic 1
a: no special abilities


You were on level 6 of the Dungeon.
You visited 1 branch of the dungeon, and saw 4 of its levels.

You collected 79 gold pieces.

Inventory:

Hand Weapons
 g - a +0 mace (weapon)
Missiles
 e - 14 curare-tipped darts
 l - 18 arrows
Armour
 b - a +0 robe (worn)
 c - a +0 hat (worn)
Jewellery
 a - a ring of resist corrosion (left hand)
 k - a +4 ring of evasion (right hand)
Scrolls
 d - a scroll of teleportation {unknown}
Potions
 h - a potion of berserk rage {unknown}
 i - a potion of flight {unknown}
 j - a potion of invisibility


   Skills:
 - Level 1.0 Fighting
 - Level 1.0 Armour
 + Level 2.7 Dodging
 - Level 2.4 Stealth
 * Level 5.6 Spellcasting
 + Level 2.3 Conjurations
 - Level 1.1 Summonings
 - Level 1.1 Translocations
 + Level 0.6 Fire Magic


You had 3 spell levels left.
You knew the following spells:

 Your Spells              Type           Power      Damage    Failure   Level
a - Magic Dart            Conj           44%        1d5       3%          1
b - Mephitic Cloud        Conj/Pois/Air  6%         N/A       21%         3
c - Call Imp              Summ           7%         N/A       9%          2
d - Blink                 Tloc           N/A        N/A       9%          2
e - Conjure Flame         Conj/Fire      8%         6-21      16%         3

Your spell library contained the following spells:

 Spells                   Type           Power      Damage    Failure   Level
 Summon Small Mammal      Summ           28%        N/A       5%          1
 Slow                     Hex            4%         N/A       14%         2
 Call Canine Familiar     Summ           7%         N/A       17%         3
 Summon Guardian Golem    Hex/Summ       6%         N/A       22%         3


Dungeon Overview and Level Annotations

Branches:
Dungeon (3/15)

Altars:
Trog


Innate Abilities, Weirdness & Mutations

You are partially covered in iridescent scales. (AC +2)
You have an increased reservoir of magic. (+10% MP)
You are somewhat resistant to further mutation.
Your spells are a little easier to cast, but a little less powerful.


Message History

Deactivating autopickup; reactivate with Ctrl-A.
You swap places.
Casting: Magic Dart (safe; 4% risk of failure)
Confirm with . or Enter, or press ? or * to list all spells.
You miscast Call Imp.
You are very lightly contaminated with residual magic.
Nothing appears to happen.
The orc hits you with a +0 flail.
* * * LOW HITPOINT WARNING * * *
Your crimson imp hits the orc.
Your crimson imp hits the orc.
The orc dies!
Unknown command.
You start resting.
Something hits your crimson imp.
Something closely misses your crimson imp.
Your magical contamination has completely faded away.
It was a potion of mutation.
You feel extremely strange.
You feel more energetic.
You feel stupid.
Your thoughts seem clearer.
Something completely misses your crimson imp.
Autopickup is now on.
Autopickup is now off.
Unknown command.
Really quaff the potion of mutation?
You feel extremely strange.
Your thinking seems confused.
You feel clever.
Your connection to magic feels subdued.
Iridescent scales grow over part of your body.
You feel genetically stable.
Something barely misses your crimson imp.
Unknown command.
It was a potion of invisibility.
You fade into invisibility!
A magic dart appears from out of thin air!
The magic dart hits your crimson imp.
You are very lightly contaminated with residual magic.
Your crimson imp disappears in a puff of smoke!
You hear a shout!
Something completely misses you. Something hits you.
You die...

#.##..####
#.##..#
#.##..#
#...#.###
##.###..####
#.## ##....##
##.###......+
##.#....#
##.##@##
######


There were no monsters in sight!

Vanquished Creatures
  A gnoll (D:1)
  A dart slug (D:2)
  An orc (D:6)
  5 endoplasms
  3 giant cockroaches (D:1)
  4 goblins
  5 hobgoblins
  11 jackals
  11 kobolds
  3 quokkas
  2 ball pythons
  7 bats
  3 frilled lizards
  3 rats
60 creatures vanquished.

Vanquished Creatures (collateral kills)
  An ufetubus (D:6)
  2 orcs (D:6)
  A hobgoblin (D:3)
  3 kobolds (D:3)
7 creatures vanquished.

Grand Total: 67 creatures vanquished

Notes
Turn   | Place    | Note
-------+----------+-------------------------------------------
     0 | D:1      | pokeman the Deep Elf Hedge Wizard began the quest for the
                  | Orb.
     0 | D:1      | Reached XP level 1. HP: 10/10 MP: 7/7
   266 | D:1      | Reached XP level 2. HP: 15/15 MP: 5/9
   954 | D:1      | Reached skill level 5 in Spellcasting
  1129 | D:1      | Reached XP level 3. HP: 2/20 MP: 5/11
  1675 | D:1      | Learned a level 3 spell: Mephitic Cloud
  1678 | D:1      | Learned a level 2 spell: Call Imp
  1681 | D:1      | Learned a level 2 spell: Blink
  1685 | D:1      | Learned a level 3 spell: Conjure Flame
  2003 | D:1      | Reached skill level 1 in Fighting
  2163 | D:2      | Reached skill level 1 in Armour
  2259 | D:2      | Found a bloodstained altar of Trog.
  2471 | D:2      | Reached XP level 4. HP: 19/25 MP: 2/13
  3184 | D:3      | Noticed a kobold brigand
  3202 | D:3      | Noticed a kobold brigand
  3482 | D:3      | Found a faded altar of an unknown god.
  3498 | D:3      | You fall into a shaft and drop 3 floors!
  3529 | D:6      | HP: 1/25 [orc (5)]
  3536 | D:6      | Gained mutation: You have an increased reservoir of magic.
                  | (+10% MP) [potion of mutation]
  3536 | D:6      | Gained mutation: You are dopey. (Int -2) [potion of
                  | mutation]
  3536 | D:6      | Gained mutation: You possess an exceptional clarity of
                  | mind. [potion of mutation]
  3537 | D:6      | Lost mutation: You possess an exceptional clarity of mind.
                  | [potion of mutation]
  3537 | D:6      | Lost mutation: You are dopey. (Int -2) [potion of mutation]
  3537 | D:6      | Gained mutation: Your spells are a little easier to cast,
                  | but a little less powerful. [potion of mutation]
  3537 | D:6      | Gained mutation: You are partially covered in iridescent
                  | scales. (AC +2) [potion of mutation]
  3537 | D:6      | Gained mutation: You are somewhat resistant to further
                  | mutation. [potion of mutation]
  3558 | D:6      | Slain by an orc wizard

Illustrated notes

Levels and vault maps discovered:
D:1:      lemuel_arrival_cross, layout_basic
D:2:      layout_loops_ring, basic_altar, minmay_misc_feat_more_columns,
          guppyfry_early_lair_pool
D:3:      cheibrodos_thug_alley, layout_basic, serial_curves, eino_curves_02,
          eino_curves_04, shapermc_ecumenical_altar_pompeii, dk_vineyard_2
D:6:      layout_loops_corners, trog_hazing_becter, biasface_ghost_orc_armoury,
          hangedman_decor_slide_cut

Skill      XL: |  1  2  3 |
---------------+----------+-----
Spellcasting   | 5 |  5.6
Conjurations   | 2 |  2.3
Fighting       | 1 |  1.0
Armour         | 1 |  1.0
Dodging        | |  2.7
Stealth        | |  2.4
Summonings     | |  1.1
Translocations | |  1.1
Fire Magic     | |  0.6

Action                   |  1- 3 |  4- 6 || total
-------------------------+-------+-------++-------
Melee: Mace              |    19 |    21 ||    40
 Cast: Magic Dart        |   122 |    29 ||   151
       Call Imp          |       |     4 ||     4
       Mephitic Cloud    |       |     2 ||     2
       Conjure Flame     |       |     1 ||     1
       Blink             |       |     1 ||     1
  Use: Potion            |       |     3 ||     3
 Stab: Sleeping          |     1 |       ||     1
Armor: Robe              |     8 |     3 ||    11
Dodge: Dodged            |    34 |    39 ||    73

Table legend: (Time is in decaauts)
 A = Elapsed time spent in this place.
 B = Non-inter-level travel time spent in this place.
 C = Inter-level travel time spent in this place.
 D = Time resting spent in this place.
 E = Time spent auto-exploring this place.
 F = Levels seen in this place.
 G = Mean time per level.
                   A        B        C        D        E       F      G
               +--------+--------+--------+--------+--------+-----+--------+
         Total |   3572 |   3433 |    139 |    444 |   2491 |   4 |  893.0 |
       Dungeon |   3572 |   3433 |    139 |    444 |   2491 |   4 |  893.0 |
               +--------+--------+--------+--------+--------+-----+--------+

Top non-repeatable levels by time:
     D:1: 2162 daAuts
     D:2: 1209 daAuts
     D:3: 136 daAuts
     D:6: 63 daAuts
